 Dungeon Crawl Stone Soup version 0.26.1-11-gd32895ea62 (webtiles) character file.

Game seed: 12475388160457867143

10762 Kold the Destroyer (level 11, -1/93 HPs)
             Began as a Purple Draconian Conjurer on May 28, 2021.
             Was a Priest of Vehumet.
             Slain by a five-headed hydra (2 damage)
             ... on level 11 of the Dungeon.
             The game lasted 00:36:02 (15604 turns).

Kold the Destroyer (Purple Draconian Conjurer)     Turns: 15604, Time: 00:36:04

Health: -1/93      AC: 12    Str: 17    XL:     11   Next: 40%
Magic:  0/35       EV: 15    Int: 21    God:    Vehumet [***...]
Gold:   385        SH:  0    Dex:  9    Spells: 17/28 levels left

rFire    . . .     SeeInvis .   F - +10 war axe "Japn" {venom, Fragile +Fly Will+ Stlth+}
rCold    . . .     Faith    .   (no shield)
rNeg     . . .     Spirit   +   (armour unavailable)
rPois    .         Reflect  .   (helmet restricted)
rElec    .         Harm     .   l - +2 cloak
rCorr    .         Rampage  .   E - +0 pair of gloves
Will     ++...                  B - +0 pair of boots
Stlth    +++.......             v - amulet of guardian spirit
HPRegen  0.25/turn              f - ring of magical power
MPRegen  0.24/turn              D - +6 ring of strength

@: no status effects
A: breathe power, unfitting armour, antennae 1, high mp 1, evolution 1,
cold-blooded, AC +7
a: Breathe Dispelling Energy, Renounce Religion, Evoke Flight


You were on level 11 of the Dungeon.
You worshipped Vehumet.
Vehumet was most pleased with you.
You visited 2 branches of the dungeon, and saw 12 of its levels.
You also visited: Sewer.

You collected 585 gold pieces.
You spent 200 gold pieces at shops.

Inventory:

Hand Weapons
 F - the +10 war axe "Japn" (weapon) {venom, Fragile +Fly Will+ Stlth+}
   (You found it on level 9 of the Dungeon)

   It poisons the flesh of those it strikes.
   It affects your willpower, your defense against some magical effects.
   It lets you fly.
   It will be destroyed if unequipped.
   It makes you more stealthy.
Armour
 j - a +0 buckler
 l - a +2 cloak (worn)
 B - a +0 pair of boots (worn)
 E - a +0 pair of gloves (worn)
Jewellery
 c - an uncursed ring of fire
 f - a ring of magical power (left hand)
 h - an uncursed ring of resist corrosion
 s - an uncursed ring of willpower
 v - an amulet of guardian spirit (around neck)
 D - a +6 ring of strength (right hand)
Wands
 n - a wand of iceblast (12)
 p - a wand of flame (22)
 u - a wand of paralysis (3)
 C - a wand of acid (9)
Scrolls
 d - 2 scrolls of fog
 e - 13 scrolls of identify
 k - 4 scrolls of enchant armour
 x - 7 scrolls of remove curse
 y - 4 scrolls of teleportation
 G - a scroll of magic mapping
Potions
 a - 2 potions of heal wounds
 b - 2 potions of brilliance {unknown}
 g - 4 potions of flight
 i - 2 potions of berserk rage {unknown}
 m - 2 potions of ambrosia
 o - a potion of might
 r - 5 potions of curing
 t - 2 potions of lignification {unknown}
 w - 3 potions of haste
 z - 2 potions of invisibility {unknown}
 H - a potion of cancellation {unknown}


   Skills:
 + Level 7.6 Fighting
 + Level 6.8 Dodging
 - Level 2.0 Stealth
 + Level 9.3 Spellcasting
 - Level 11.1 Conjurations
 - Level 7.2 Translocations


You had 17 spell levels left.
You knew the following spells:

 Your Spells              Type           Power        Failure   Level
a - Magic Dart            Conj           100%         1%          1
b - Searing Ray           Conj           100%         1%          2
c - Iskenderun's Mystic   Conj/Tloc      48%          1%          4
e - Fulminant Prism       Conj/Hex       16%          1%          4

Your spell library contained the following spells:

 Spells                   Type           Power        Failure   Level
 Frozen Ramparts          Ice            18%          5%          3
 Apportation              Tloc           80%          1%          1
 Shock                    Conj/Air       100%         1%          1
 Dazzling Flash           Conj/Hex       66%          1%          3
 Static Discharge         Conj/Air       33%          1%          3
 Lightning Bolt           Conj/Air       16%          5%          5
 Animate Skeleton         Necr           18%          7%          1
 Corona                   Hex            10%          7%          1
 Summon Small Mammal      Summ           36%          7%          1
 Swiftness                Air            9%           11%         2
 Airstrike                Air            4%           17%         4


Dungeon Overview and Level Annotations

Branches:
Dungeon (11/15)            Temple (1/1) D:5             Orc (0/2) D:9
  Sewer (visited)
   Lair: D:8-11

Altars:
Ashenzari
Cheibriados
Dithmenos
Elyvilon
Fedhas
Gozag
Hepliaklqana
Kikubaaqudgha
Makhleb
Nemelex Xobeh
Okawaru
Qazlal
Ru
Sif Muna
Trog
Uskayaw
Vehumet
Wu Jian
Xom
Yredelemnul
Zin
The Shining One

Shops:
D:6 (   D:8 !*

Annotations:
D:6 5 runed translucent doors


Innate Abilities, Weirdness & Mutations

You can breathe bolts of dispelling energy.
Your rich purple scales are hard. (AC +7)
You cannot fit into any form of body armour.
You are cold-blooded and may be slowed by cold attacks.
You have a pair of small antennae on your head.
You have an increased reservoir of magic. (+10% MP)
You evolve.


Message History

The five-headed hydra barely misses you.
The five-headed hydra bites you!
* * * LOW HITPOINT WARNING * * *
The five-headed hydra closely misses you.
Casting: Searing Ray (safe; 1% risk of failure)
Confirm with . or Enter, or press ? or * to list all spells.
Aiming: Searing Ray (safe; 1% risk of failure)
Press: ? - help, Shift-Dir - straight line, f/p - five-headed hydra
Aim: a five-headed hydra (almost dead, 6% to evade)
The searing ray hits the five-headed hydra!
The five-headed hydra is almost dead. (Press . to maintain the ray.)
The five-headed hydra bites you!
* * * LOW HITPOINT WARNING * * *
The five-headed hydra bites you.
* * * LOW HITPOINT WARNING * * *
The five-headed hydra bites you!
* * * LOW HITPOINT WARNING * * *
The five-headed hydra bites you.
You die...

..... #..#... #....
....# #..#.. #....
##..# ##..#. #.### #
#...# #.# #...# #.'
####...# +.# ##
#......#### #.###
#..#.D.......#####....
#.)@................
#....)#######..........
......)## #.#####....
#.....# #.# #....
...... #.# #..## ####..
#.# #..# #. #.# #..# #.
#.# #..# #.# #..#


You could see a five-headed hydra.

Vanquished Creatures
  2 two-headed ogres
  An ugly thing (D:10)
  3 trolls
  3 slime creatures (D:7)
  A wraith (D:11)
  10 yaks
  2 wyverns
  Menkaure (D:7)
  2 eyes of draining (D:11)
  3 orc warriors
  3 sky beasts
  2 phantoms
  A hornet zombie (D:9)
  4 ice beasts
  2 centaurs
  6 ogres
  4 big kobolds
  7 bullfrogs
  4 scorpions
  11 killer bees (D:8)
  3 wights (D:11)
  A howler monkey (D:8)
  A centaur zombie (D:8)
  A quasit (D:11)
  Crazy Yiuf (D:3)
  4 bullfrog zombies
  4 hounds
  10 orc wizards
  3 centaur skeletons
  7 jellies
  8 orc priests
  2 bullfrog skeletons
  2 iguanas
  7 worker ants
  A killer bee zombie (D:7)
  A worker ant zombie (D:5)
  A howler monkey skeleton (D:4)
  3 gnolls (D:4)
  12 adders
  3 river rats
  3 shadow imps
  5 white imps
  2 ufetubi
  4 oozes (D:7)
  7 worms
  6 leopard geckos
  36 orcs
  3 ball pythons
  11 giant cockroaches
  13 goblins
  6 hobgoblins
  12 jackals
  5 quokkas
  3 bats
  7 frilled lizards
  A jackal skeleton (D:5)
  18 kobolds
  A quokka zombie (D:5)
  8 rats
298 creatures vanquished.

Vanquished Creatures (others)
  9 fulminant prisms
  7 fungi (D:7)
  3 plants (D:11)
  10 toadstools (D:7)
29 creatures vanquished.

Grand Total: 327 creatures vanquished

Notes
Turn   | Place    | Note
-------+----------+-------------------------------------------
     0 | D:1      | Kold the Draconian Conjurer began the quest for the Orb.
     0 | D:1      | Reached XP level 1. HP: 14/14 MP: 3/3
   188 | D:1      | Reached XP level 2. HP: 15/20 MP: 1/5
  1153 | D:2      | Learned a level 2 spell: Searing Ray
  1335 | D:2      | Found a sparkling altar of Nemelex Xobeh.
  1361 | D:2      | Reached XP level 3. HP: 17/26 MP: 0/6
  1594 | D:2      | Noticed a scorpion
  1661 | D:2      | HP: 1/26 [scorpion (1)]
  1675 | D:2      | Gained mutation: You are frail. (-10% HP) [potion of
                  | mutation]
  1675 | D:2      | Gained mutation: You evolve. [potion of mutation]
  1675 | D:2      | Gained mutation: You have an increased reservoir of magic.
                  | (+10% MP) [potion of mutation]
  1708 | D:2      | Killed a scorpion
  1709 | D:2      | Reached XP level 4. HP: 29/29 MP: 1/9
  2382 | D:3      | Reached skill level 5 in Conjurations
  2542 | D:3      | You fall into a shaft and drop 1 floor!
  2550 | D:4      | Reached XP level 5. HP: 28/34 MP: 4/11
  2722 | D:4      | Found a glowing drain.
  2831 | D:4      | Lost mutation: You are frail. (-10% HP) [evolution]
  2907 | Sewer    | Entered a sewer
  3142 | Sewer    | Reached skill level 6 in Conjurations
  3142 | Sewer    | Reached XP level 6. HP: 20/45 MP: 1/13
  3370 | Sewer    | Found a glowing silver altar of Zin.
  3780 | D:3      | Reached skill level 7 in Conjurations
  4119 | D:3      | Your scales start taking on a rich purple colour.
  4119 | D:3      | Reached XP level 7. HP: 50/50 MP: 15/15
  4364 | D:3      | Found a runed translucent door.
  4365 | D:3      | Noticed Crazy Yiuf
  4458 | D:3      | Killed Crazy Yiuf
  4860 | D:3      | Found a bloodstained altar of Trog.
  5455 | D:4      | Gained mutation: You have a pair of small antennae on your
                  | head. [evolution]
  5584 | D:4      | Reached skill level 8 in Conjurations
  5690 | D:5      | Entered Level 5 of the Dungeon
  5711 | D:5      | Reached skill level 5 in Spellcasting
  6020 | D:5      | Learned a level 4 spell: Iskenderun's Mystic Blast
  6055 | D:5      | Reached skill level 1 in Translocations
  6281 | D:5      | Found a sparkling altar of Nemelex Xobeh.
  6310 | D:5      | Reached skill level 9 in Conjurations
  6310 | D:5      | Reached XP level 8. HP: 54/57 MP: 17/17
  6419 | D:5      | Found a staircase to the Ecumenical Temple.
  6439 | Temple   | Entered the Ecumenical Temple
  6556 | Temple   | Became a worshipper of Vehumet
  7331 | D:6      | Found the +9 staff of Olgreb {rPois∞}
  7353 | D:6      | Found a runed translucent door.
  7571 | D:6      | Found Vyedonk's Weapon Boutique.
  7791 | D:6      | Found a runed translucent door.
  7794 | D:6      | Found a runed translucent gate.
  7869 | D:6      | Found a runed translucent gate.
  7874 | D:6      | Found a runed translucent gate.
  8116 | D:6      | Reached skill level 10 in Conjurations
  8116 | D:6      | Reached skill level 5 in Translocations
  8519 | D:6      | Reached XP level 9. HP: 62/62 MP: 18/18
  8685 | D:7      | Noticed Menkaure
  8959 | D:7      | Killed Menkaure
  9572 | D:7      | Reached * piety under Vehumet
  9572 | D:7      | Offered knowledge of Shock by Vehumet.
  9866 | D:7      | Found a sparkling altar of Nemelex Xobeh.
 10010 | D:7      | Gained mutation: You are weak. (Str -2) [evolution]
 10095 | D:7      | Reached skill level 11 in Conjurations
 10252 | D:7      | Reached skill level 1 in Fighting
 10254 | D:7      | Learned a level 1 spell: Shock
 10259 | D:7      | Learned a level 4 spell: Fulminant Prism
 10688 | D:8      | Found Teisiocykk's Assorted Antiques.
 10705 | D:8      | Reached XP level 10. HP: 37/77 MP: 17/20
 10712 | D:8      | Bought a pair of boots for 130 gold pieces
 11276 | D:8      | Found Hyof's Distillery.
 11286 | D:8      | Bought a potion of might for 40 gold pieces
 11286 | D:8      | Bought a potion of flight for 30 gold pieces
 11332 | D:8      | Reached ** piety under Vehumet
 11731 | D:9      | Offered knowledge of Sandblast by Vehumet.
 12434 | D:9      | Got a twisted war axe
 12435 | D:9      | Identified the +10 war axe "Japn" {venom, Fragile +Fly
                  | Will+ Stlth+} (You found it on level 9 of the Dungeon)
 12617 | D:9      | Found a staircase to the Orcish Mines.
 12935 | D:10     | Entered Level 10 of the Dungeon
 13080 | D:10     | Reached skill level 5 in Fighting
 13175 | D:10     | Lost mutation: You are weak. (Str -2) [evolution]
 13236 | D:10     | Noticed a two-headed ogre
 13427 | D:10     | Offered knowledge of Conjure Flame by Vehumet.
 13428 | D:10     | Reached skill level 5 in Dodging
 13785 | D:10     | Killed a two-headed ogre
 14277 | D:11     | Noticed a two-headed ogre
 14281 | D:11     | Noticed a purple ugly thing
 14283 | D:11     | Killed a two-headed ogre
 14284 | D:11     | Reached XP level 11. HP: 65/91 MP: 18/25
 14369 | D:10     | Killed a purple ugly thing
 14454 | D:10     | Reached *** piety under Vehumet
 15195 | D:11     | Offered knowledge of Frozen Ramparts by Vehumet.
 15594 | D:11     | Noticed a five-headed hydra
 15604 | D:11     | HP: 1/93 [five-headed hydra (15)]
 15604 | D:11     | Slain by a five-headed hydra

Illustrated notes

Levels and vault maps discovered:
D:1:      dpeg_arrival_shrine, layout_rooms
D:2:      layout_basic, nemelex_diamond_rough_becter
D:3:      layout_loops_ring, marbit_many_paths, chequers_garden,
          uniq_crazy_yiuf_cottage
D:4:      minmay_angry_zag, layout_loops_cross, lightli_sewer_entry_pipes,
          patterned_corridor
D:5:      minmay_recursive_quarters, layout_basic,
          minmay_temple_entry_drinking_statues, minmay_misc_feat_cross,
          minmay_misc_feat_rugged, nemelex_spade_bored_becter
D:6:      layout_gridville, serial_shops, nicolae_shop_statue_plus,
          minmay_guarded_unrand_staff_of_olgreb
D:7:      cheibrodos_fertilizer, layout_basic, nemelex_lonely_heart_becter,
          uniq_menkaure
D:8:      layout_cave_pools, serial_shops, shop, shop, grunt_ministairs_9,
          palyth_stone_intersect
D:9:      layout_stronghold, david_orc_3
D:10:     layout_roguey
D:11:     layout_irregular_city, dpeg_oklobed_lair, kennysheep_just_a_vault
Temple:   kilobyte_greek_temple

Skill      XL: |  1  2  3  4  5  6  7  8  9 10 11 |
---------------+----------------------------------+-----
Dodging        | 2 3 5 6 |  6.8
Stealth        | 2 |  2.0
Spellcasting   | 3 4 5 6 8 9 |  9.3
Conjurations   | 5 6 7 9 10 11 | 11.1
Translocations | 2 5 7 |  7.2
Fighting       | 3 6 7 |  7.6

Action                   |  1- 3 |  4- 6 |  7- 9 | 10-12 || total
-------------------------+-------+-------+-------+-------++-------
Melee: Dagger            |    78 |    73 |       |       ||   151
       Tailslap          |     5 |     6 |     6 |     7 ||    24
       Quarterstaff      |       |       |    54 |     9 ||    63
       War axe           |       |       |       |    35 ||    35
 Cast: Magic Dart        |    47 |    89 |   236 |   207 ||   579
       Searing Ray       |     4 |    17 |    29 |    39 ||    89
       Iskenderun's Myst |       |       |    21 |    12 ||    33
       Fulminant Prism   |       |       |       |     9 ||     9
 Abil: Breathe Dispellin |       |       |       |     1 ||     1
Evoke: Wand              |       |       |       |     2 ||     2
  Use: Potion            |     5 |     3 |       |       ||     8
       Scroll            |       |     4 |     3 |     3 ||    10
 Stab: Sleeping          |       |       |     1 |       ||     1
Armor: Skin              |    20 |    33 |    44 |    39 ||   136
Dodge: Dodged            |    77 |    84 |    89 |    89 ||   339
